 Dungeon Crawl Stone Soup version 0.27-a0-1071-ga85bd9520d (webtiles) character file.

Game seed: 17101322636943079780

420 leviel the Chopper (level 6, -7/58 HPs)
             Began as a Hill Orc Fighter on Apr 24, 2021.
             Killed from afar by an orc wizard (9 damage)
             ... with a magic dart
             ... on level 3 of the Dungeon.
             The game lasted 00:03:26 (3305 turns).

leviel the Chopper (Hill Orc Fighter)               Turns: 3305, Time: 00:03:27

Health: -7/58      AC:  6    Str: 21    XL:     6   Next: 94%
Magic:  6/6        EV:  7    Int:  8    God:
Gold:   64         SH: 10    Dex: 10    Spells: 5/5 levels left

rFire    . . .     SeeInvis .   a - +0 war axe
rCold    . . .     Faith    .   c - +1 kite shield
rNeg     . . .     Spirit   .   b - +0 scale mail
rPois    .         Reflect  .   (no helmet)
rElec    .         Harm     .   (no cloak)
rCorr    .         Rampage  .   (no gloves)
Will     .....                  (no boots)
Stlth    ..........             (no amulet)
HPRegen  0.19/turn              (no ring)
MPRegen  0.10/turn              (no ring)

@: no status effects
A: no striking features
a: no special abilities


You were on level 3 of the Dungeon.
You visited 1 branch of the dungeon, and saw 3 of its levels.

You collected 64 gold pieces.

Inventory:

Hand Weapons
 a - a +0 war axe (weapon)
Armour
 b - a +0 scale mail (worn)
 c - a +1 kite shield (worn)
Potions
 g - a potion of magic
 h - a potion of flight


   Skills:
 + Level 6.9 Fighting
 + Level 6.9 Axes
 - Level 3.2 Armour
 - Level 3.2 Shields


You had 5 spell levels left.
You didn't know any spells.
Your spell library was empty.

Dungeon Overview and Level Annotations

Branches:
Dungeon (3/15)

Altars:

Shops:
D:3 (


Message History

You hear some strange, mumbled words.
A puff of flame appears from out of thin air!
You block the puff of flame. The orc hits you but does no damage.
Your scale mail prevents you from hitting something.
You slash the orc!
You kill the orc!
Something hits you but does no damage.
Unknown command.
You miss something.
Your scale mail prevents you from hitting the orc.
Something hits you.
* * * LOW HITPOINT WARNING * * *
You block the orc's attack.
Unknown command.
You slash the orc!
You kill the orc!
Your shield prevents you from hitting the orc.
You miss something. Something hits you but does no damage.
The orc hits you with a +0 hand axe.
* * * LOW HITPOINT WARNING * * *
You block something's attack.
You hit the orc.
The orc is almost dead.
You miss something. The orc hits you with a +0 hand axe.
* * * LOW HITPOINT WARNING * * *
Something hits you but does no damage. The orc hits you but does no damage.
You hit the orc.
You kill the orc!
Your scale mail prevents you from hitting something.
Something hits you but does no damage.
You hear some strange, mumbled words.
A puff of flame appears from out of thin air!
The puff of flame hits you!
* * * LOW HITPOINT WARNING * * *
Okay, then.
You closely miss something.
You hear some strange, mumbled words.
A magic dart appears from out of thin air!
The magic dart hits you!
You die...

#......# #.....#.##$#§§§§......
#....>.## #..#.#.##.#...§§.#..#
#.......###>.....##.#..†§.....#
##..###.##..(#...?#....§§......
#.## #∩#...†.....#..######O#..
#.# #..............# # ..#
#.............#### ...#
#.......){)).......# ...
#.#.......@........# .
#.##...#...........#
#.###.###...........
#.............######
#........##.#.# #..#^.##. #...#
#.#.###.. ...# # #. #####.. ..#


There were no monsters in sight!

Vanquished Creatures
  2 ogres
  2 orc priests
  An orc wizard (D:1)
  5 adders
  4 gnolls
  A worm (D:3)
  2 dart slugs (D:1)
  8 orcs
  2 bats (D:2)
  7 endoplasms
  2 giant cockroaches
  2 goblins
  8 hobgoblins
  9 jackals
  4 quokkas
  5 ball pythons
  3 frilled lizards
  3 kobolds
  7 rats
77 creatures vanquished.

Vanquished Creatures (others)
  5 fungi (D:3)
5 creatures vanquished.

Grand Total: 82 creatures vanquished

Notes
Turn   | Place    | Note
-------+----------+-------------------------------------------
     0 | D:1      | leviel the Hill Orc Fighter began the quest for the Orb.
     0 | D:1      | Reached XP level 1. HP: 19/19 MP: 1/1
   170 | D:1      | Reached XP level 2. HP: 15/27 MP: 2/2
   483 | D:1      | Reached XP level 3. HP: 24/34 MP: 3/3
   888 | D:1      | Found a faded altar of an unknown god.
  1117 | D:1      | Reached XP level 4. HP: 23/41 MP: 4/4
  1263 | D:2      | Reached skill level 5 in Fighting
  1531 | D:2      | Reached skill level 5 in Axes
  1531 | D:2      | Reached XP level 5. HP: 42/48 MP: 5/5
  2479 | D:2      | Noticed an ogre
  2489 | D:2      | Killed an ogre
  2490 | D:2      | Reached XP level 6. HP: 8/57 MP: 6/6
  3111 | D:3      | Found Tyoser's Weapon Boutique.
  3304 | D:3      | HP: 2/58 [something/puff of flame (8)]
  3305 | D:3      | Killed from afar by an orc wizard

Illustrated notes

Levels and vault maps discovered:
D:1:      amcnicky_arrival_double_pillar, layout_rooms,
          shapermc_ecumenical_altar_mp_highgroup
D:2:      layout_basic
D:3:      layout_rooms, lemuel_blue_sif_altar, serial_shops, shop,
          minmay_shallow_snake_nest, uniq_crazy_yiuf_cottage

Skill      XL: |  1  2  3  4  5 |
---------------+----------------+-----
Axes           | 3 4 5 6 |  6.9
Fighting       | 4 5 6 |  6.9
Armour         | |  3.2
Shields        | |  3.2

Action                   |  1- 3 |  4- 6 || total
-------------------------+-------+-------++-------
Melee: War axe           |    73 |   153 ||   226
  Use: Scroll            |       |     8 ||     8
       Potion            |       |     1 ||     1
Armor: Scale mail        |    40 |    59 ||    99
Dodge: Dodged            |    21 |    43 ||    64
Block: Kite shield       |    39 |    89 ||   128

Table legend: (Time is in decaauts)
 A = Elapsed time spent in this place.
 B = Non-inter-level travel time spent in this place.
 C = Inter-level travel time spent in this place.
 D = Time resting spent in this place.
 E = Time spent auto-exploring this place.
 F = Levels seen in this place.
 G = Mean time per level.
                   A        B        C        D        E       F      G
               +--------+--------+--------+--------+--------+-----+--------+
         Total |   3414 |   3351 |     63 |    940 |   1865 |   3 | 1138.0 |
       Dungeon |   3414 |   3351 |     63 |    940 |   1865 |   3 | 1138.0 |
               +--------+--------+--------+--------+--------+-----+--------+

Top non-repeatable levels by time:
     D:2: 1645 daAuts
     D:1: 1473 daAuts
     D:3: 295 daAuts
